Cogmind - Beta 17 @@@ ROGUE MODE // 2026.07.31 @ 21:52:09 Player: naththebg Result: Destroyed by S-27 Virus with Autogun Performance ------------- Evolutions (3) 1500 Regions Visited (10) 2000 Robots Destroyed (212) 1060 Value Destroyed (7996) 7996 Prototype IDs (12) 240 Alien Tech Used (0) 0 Bonus (15009) 15009 TOTAL SCORE: 27805 Bonus ------- High Alert Combat Kills 1759 Follower Combat Kills 598 Prayed to X0-1V1 5000 Major X0-1V1 Interference 5100 Entered Garrisons 600 Used RIF Installer 2000 Friendly Fire -48 Cogmind --------- Core Integrity 0/440 Matter 67/1000 Energy 290/290 System Corruption 37% Temperature Cool (0) Movement Rolling (170) Ox6 Location -7/Storage Parts ------- > --- POWER (1) -------- Reinforced Deuterium Engine > --- PROPULSION (3) --- Armored Medium Treads Wheel (fused) Wheel > --- UTILITY (5) ------ Huge Storage Unit Heavy Reflective Plating Relay Coupler [NC] (33) X0-1V1's Piety Tracker > --- WEAPON (8) ------- Pulse Rifle Pulse Rifle Pulse Rifle Flak Gun Mini Assault Cannon Mini Assault Cannon Remote Datajack > --- INVENTORY (26) --- Armored Wheel High-capacity Storage Unit High-capacity Matter Pod (0) Machine Analyzer Kinecellerator Kinecellerator Jamming Amplifier Improved Weapon Shielding Improved Light Armor Plating Layered Heavy Armor Plating Medium Reflective Plating Medium Reflective Plating Heavy Reflective Plating EM Disruption Field Relay Coupler [Swarmer] (27) Relay Coupler [Swarmer] (25) Relay Coupler [Specialist] (25) High-powered Tractor Beam Flak Gun Missile Launcher Peak State ------------ > --- POWER ------------ Reinforced Deuterium Engine > --- PROPULSION ------- Armored Medium Treads Wheel Wheel > --- UTILITY ---------- Huge Storage Unit Heavy Reflective Plating Relay Coupler [NC] X0-1V1's Piety Tracker > --- WEAPON ----------- Pulse Rifle Pulse Rifle Pulse Rifle Gatling Laser Flak Gun Mini Assault Cannon Mini Assault Cannon Remote Datajack > --- INVENTORY -------- Armored Wheel High-capacity Storage Unit High-capacity Matter Pod Machine Analyzer Kinecellerator Kinecellerator Jamming Amplifier Improved Weapon Shielding Improved Light Armor Plating Layered Heavy Armor Plating Medium Reflective Plating Medium Reflective Plating Heavy Reflective Plating EM Disruption Field Relay Coupler [Swarmer] Relay Coupler [Swarmer] Relay Coupler [Specialist] High-powered Tractor Beam Flak Gun Missile Launcher [Rating: 76] Favorites ----------- Power Deuterium Engine Engine Deuterium Engine Power Core Light Nuclear Core Propulsion Light Treads Treads Light Treads Leg Aluminum Leg Wheel Armored Wheel Utility X0-1V1's Piety Tracker Device X0-1V1's Piety Tracker Storage High-capacity Storage Unit Processor Machine Analyzer Hackware Hacking Suite Protection Improved Light Armor Plating Weapon Enhanced Autogun Energy Gun Gatling Laser Energy Cannon Heavy Phase Cannon Ballistic Gun Enhanced Autogun Ballistic Cannon Assault Cannon Launcher Missile Launcher Special Weapon Remote Datajack Build | -11 -10 -10 -8 -8 -8 -8 -7 -7 -7 -7 ------- Run | Yrd Mat Sub Mat Gar Mat Gar Fac Gar Fac Sto Slots Evolved 6 | . . . 4 . . . 2 . . . Power . | . . . . . . . . . . . Propulsion 2 | . . . 1 . . . 1 . . . Utility 3 | . . . 2 . . . 1 . . . Weapon 1 | . . . 1 . . . . . . . Parts Attached 109 | 6 11 . 19 7 9 10 4 15 28 . Power 11 | 1 1 . 2 . 1 1 . 1 4 . Engine 6 | 1 . . 1 . 1 . . 1 2 . Core 5 | . 1 . 1 . . 1 . . 2 . Reactor . | . . . . . . . . . . . Propulsion 30 | 2 3 . 6 2 1 4 . 5 7 . Treads 20 | . 2 . 6 2 1 4 . 5 . . Leg 5 | 2 1 . . . . . . . 2 . Wheel 5 | . . . . . . . . . 5 . Hover . | . . . . . . . . . . . Flight . | . . . . . . . . . . . Utility 33 | 1 5 . 7 1 2 3 4 4 6 . Device 12 | . 2 . 4 1 . 2 1 1 1 . Storage 5 | 1 2 . 1 . . . 1 . . . Processor 3 | . . . 1 . . . 2 . . . Hackware 8 | . . . 1 . . 1 . 3 3 . Protection 5 | . 1 . . . 2 . . . 2 . Artifact . | . . . . . . . . . . . Weapon 35 | 2 2 . 4 4 5 2 . 5 11 . Energy Gun 6 | 2 1 . . . . . . 2 1 . Energy Cannon 2 | . 1 . . . . . . . 1 . Ballistic Gun 19 | . . . 4 2 5 1 . 2 5 . Ballistic Cannon 4 | . . . . 1 . 1 . . 2 . Launcher 1 | . . . . 1 . . . . . . Special Weapon 3 | . . . . . . . . 1 2 . Impact Weapon . | . . . . . . . . . . . Slashing Weapon . | . . . . . . . . . . . Piercing Weapon . | . . . . . . . . . . . Special Melee Weapon . | . . . . . . . . . . . Unidentified Prototypes 3 | . 1 . 1 . . . . . 1 . Parts Lost 42 | . 2 . 1 5 1 4 . 11 17 1 Power 5 | . 1 . . . 1 1 . . 2 . Propulsion 11 | . 1 . . 2 . 1 . 5 2 . Utility 7 | . . . 1 . . . . 1 5 . Weapon 19 | . . . . 3 . 2 . 5 8 1 Highest Loss Streak 5 | . 1 . 1 2 1 2 . 2 5 1 To Critical Strikes . | . . . . . . . . . . . Average Backups 19 | 4 9 12 16 19 20 20 21 22 21 20 Power . | . 1 1 1 2 1 . . . . . Propulsion 1 | 2 5 6 3 1 1 1 . . 1 1 Utility 11 | . 1 3 4 8 10 12 18 17 17 17 Weapon 4 | 1 1 2 6 8 6 5 2 3 2 2 Tool/Special . | . . . . . . . . . . . Unused Backups 48 | . 4 . 8 6 7 3 . 2 2 16 Power 3 | . 2 . . . 1 . . . . . Propulsion 5 | . 1 . 2 . 1 . . . 1 . Utility 25 | . . . 2 4 1 . . 1 1 16 Weapon 15 | . 1 . 4 2 4 3 . 1 . . Tool/Special . | . . . . . . . . . . . Average Slot Usage (%) 94 | . 98 100 97 99 99 95 98 93 83 76 Engine 5 | . 5 . 7 9 9 4 . 6 4 5 Core 2 | . 8 14 1 . . . 7 . 1 . Treads 18 | . 17 28 26 26 20 17 22 19 1 5 Leg 1 | . 10 . . . . . . . 3 . Wheel 1 | . . . . . . . . . 11 11 Device 15 | . 10 14 17 18 18 21 15 13 10 5 Storage 8 | . 14 14 9 9 9 9 7 7 6 5 Hackware 6 | . . . 5 9 1 2 7 13 11 5 Protection 1 | . 1 . . . 7 3 . . 2 5 Energy Gun 5 | . 27 14 . . . . . 8 3 5 Ballistic Gun 19 | . . . 26 26 32 31 23 14 15 5 Ballistic Cannon 1 | . . . . . . 3 7 1 2 11 Peak Build Rating 76 | 6 22 22 43 45 47 47 50 56 67 76 Average Rating 43 | 3 10 22 37 44 46 43 49 51 57 67 On Entrance 36 | . 6 22 22 43 45 47 45 50 56 67 Avg Prop Armor Cover (%) 7 | . . . . 7 . . . . 7 6 Naked Turns . | . . . . . . . . . . . Heaviest Build 134 | 13 31 31 60 63 69 71 101 108 134 130 Greatest Support 67 | 20 40 40 65 65 63 40 60 67 67 20 Greatest Overweight (x) 12 | 2 1 . . 1 1 1 1 2 12 6 Average Overweight (x) 1 | . . . . . . 1 1 1 3 6 Largest Inventory Capacity 26 | 8 15 15 20 21 21 21 26 26 26 26 Average Capacity 21 | 7 11 15 16 20 21 21 24 26 26 26 Most Carried 26 | 7 11 14 20 21 21 21 24 26 26 22 Average Carried 20 | 4 9 12 16 19 20 20 21 24 24 22 Final Capacity 26 | 8 15 15 20 21 21 21 26 26 26 26 Final Carried 26 | 6 11 14 20 21 21 21 24 26 22 22 Class Distribution -------------------- 22% | Gunner 14% | Scavenger-Gunner 13% | Mutant 12% | Tank 11% | Botlord-Gunner 6% | Bothacker-Gunner 6% | Botlord-Skirmisher 3% | Hauler-Tank 3% | Bothacker-Executioner Dominant Class ---------------- Mutant | -10/Materials Mutant | -10/Subcaves Gunner | -8/Materials Gunner | -8/Garrison Tank | -8/Materials Tank | -8/Garrison Botlord-Skirmisher | -7/Factory Scavenger-Gunner | -7/Garrison Hauler-Tank | -7/Factory Bothacker-Executioner | -7/Storage Resources | -11 -10 -10 -8 -8 -8 -8 -7 -7 -7 -7 ----------- Run | Yrd Mat Sub Mat Gar Mat Gar Fac Gar Fac Sto Matter Collected 7175 | 180 361 59 1192 855 933 1200 172 851 1372 . Remotely . | . . . . . . . . . . . Salvage Created 8004 | . 511 59 1591 969 1452 1264 158 852 1148 . Parts 431 | . 28 2 83 53 77 74 2 41 71 . Haulers Intercepted 13 | . 1 . 5 . 3 . . . 4 . Recyclers Shooed 3 | . . . 1 . . . . . 2 . Parts Field Recycled . | . . . . . . . . . . . Retrieved Matter . | . . . . . . . . . . . Parts Self-Destructed 3 | . . 3 . . . . . . . . Prevented . | . . . . . . . . . . . Parts Restored . | . . . . . . . . . . . Kills | -11 -10 -10 -8 -8 -8 -8 -7 -7 -7 -7 ------- Run | Yrd Mat Sub Mat Gar Mat Gar Fac Gar Fac Sto Combat Hostiles Destroyed 165 | . 12 1 22 23 24 32 3 25 23 . Guns 142 | . 12 . 22 20 24 28 2 23 11 . Cannons 12 | . . 1 . . . . 1 2 8 . AOE 11 | . . . . 3 . 4 . . 4 . Classes Destroyed 19 | . 6 1 4 3 1 2 . 1 1 . Worker 7 | . 2 . 2 . 1 . . . 2 . Builder 8 | . . . . . 1 . . . 7 . Hauler 13 | . 1 . 5 . 3 . . . 4 . Recycler 8 | . . . 3 . 3 . . . 2 . Operator 3 | . 1 . 1 . 1 . . . . . Watcher 7 | . 2 . 1 . 1 . . . 3 . Swarmer 29 | . 6 . 3 3 7 4 . 3 3 . Cutter 3 | . . . . . . 3 . . . . Saboteur 3 | . . . . . . . . 3 . . Grunt 74 | . 6 . 13 12 9 16 2 9 7 . Brawler 5 | . . . 1 . . 3 . . 1 . Duelist 2 | . . . . . . . . . 2 . Protector 1 | . . . . 1 . . . . . . Sentry 20 | . . . 4 1 8 . 1 4 2 . Demolisher 1 | . . . . 1 . . . . . . Specialist 1 | . . . . . . 1 . . . . Hunter 14 | . . . 1 2 . . . 6 5 . Programmer 12 | . . . . 3 . 6 . . 3 . Subdweller 1 | . . 1 . . . . . . . . Best Kill Streak 16 | . 4 1 8 5 16 6 1 6 13 . Combat Bots Only 12 | . 4 1 8 5 12 6 1 6 4 . Max Kills in Single Turn 3 | . 1 1 2 2 2 2 1 2 3 . Gunslinging 1 | . . . . 1 . 1 . 1 . . Exploded 2 | . . . . 1 . 2 . . 2 . Melee . | . . . . . . . . . . . Uniques/NPCs Destroyed . | . . . . . . . . . . . Combat | -11 -10 -10 -8 -8 -8 -8 -7 -7 -7 -7 -------- Run | Yrd Mat Sub Mat Gar Mat Gar Fac Gar Fac Sto Hostile Shots Fired 777 | . 55 2 73 118 51 77 3 169 224 5 Missed 206 | . 9 . 16 37 21 19 1 45 57 1 Hits 571 | . 46 2 57 81 30 58 2 124 167 4 Melee 18 | . . . 3 . . 4 . 1 10 . Projectile 553 | . 46 2 54 81 30 54 2 123 157 4 AOE 3 | . . . . . . 3 . . . . Critical Strikes 26 | . . . 2 . 1 6 1 6 10 . Part Disruptions 2 | . . . . 1 . . . . 1 . Damage Taken 8280 | . 500 41 742 1177 444 1076 26 1545 2673 56 Core 1002 | . 105 41 95 148 24 135 . 180 257 17 Absorbed by Shields 18 | . . . . . . 18 . . . . Ignored by Resistances 194 | . . . 36 . . . . . 158 . Core Remaining (%) 73 | 100 . 41 . . . 79 . . . . Volleys Fired 467 | . 41 2 66 60 44 74 6 57 116 1 Largest 4 | . 2 2 3 3 4 4 4 4 4 2 Hottest 216 | . 100 110 75 75 106 112 112 216 176 80 Shots Fired 1264 | . 83 5 198 160 166 229 24 160 237 2 Gun 1102 | . 83 3 198 151 166 207 18 125 151 . Cannon 131 | . . 2 . 6 . 18 6 25 72 2 Launcher 16 | . . . . 3 . 4 . . 9 . Special 15 | . . . . . . . . 10 5 . Kinetic 1047 | . . . 198 157 166 225 24 108 167 2 Thermal 186 | . 83 5 . . . . . 42 56 . Explosive 16 | . . . . 3 . 4 . . 9 . Electromagnetic . | . . . . . . . . . . . Robot Hit Streak 21 | . 11 4 18 19 15 21 19 16 11 . Robot Miss Streak 11 | . 3 . 2 3 6 5 1 8 11 . Penetration Max 1 | . . . . . 1 . . . 1 . Secondary Targets 29 | . 2 . 2 9 2 10 . 3 1 . Max Gunslinging Chain 1 | . 1 . 1 1 1 1 . 1 1 . Shots Hit Robots 856 | . 51 4 143 110 99 139 19 120 171 . Core Hits 464 | . 29 2 57 49 51 59 7 85 125 . Critical Kills 5 | . . . 4 . 1 . . . . . Critical Parts Destroyed 7 | . . . 1 . 3 2 . . 1 . Critical Strikes 21 | . 4 . 5 . 5 2 . 2 3 . Burn 4 | . 4 . . . . . . . . . Destroy 13 | . . . 5 . 5 2 . . 1 . Blast 4 | . . . . . . . . 2 2 . Melee Attacks . | . . . . . . . . . . . Impact . | . . . . . . . . . . . Slashing . | . . . . . . . . . . . Piercing . | . . . . . . . . . . . Sneak Attacks . | . . . . . . . . . . . Combat Hostiles . | . . . . . . . . . . . Follow-up Attacks . | . . . . . . . . . . . Damage Inflicted 17996 | . 687 61 2453 2020 2105 3202 372 2188 4908 . Guns 13770 | . 682 25 2437 1777 2082 2600 223 1784 2160 . Cannons 2106 | . . 36 . . . 24 149 404 1493 . Explosions 2076 | . . . . 243 . 578 . . 1255 . Melee . | . . . . . . . . . . . Ramming 44 | . 5 . 16 . 23 . . . . . Kinetic 13230 | . . . 2437 1777 2082 2624 372 1451 2487 . Thermal 2646 | . 682 61 . . . . . 737 1166 . Explosive 2076 | . . . . 243 . 578 . . 1255 . Electromagnetic . | . . . . . . . . . . . Impact . | . . . . . . . . . . . Slashing . | . . . . . . . . . . . Piercing . | . . . . . . . . . . . Highest Corruption 37 | . 4 6 . 1 4 5 12 12 37 37 Average Corruption 12 | . 3 4 . 1 3 4 7 12 29 37 Corruption Purged . | . . . . . . . . . . . Corruption Blocked . | . . . . . . . . . . . Effects 219 | . 19 3 . 1 14 11 11 74 77 9 Message Errors 56 | . 8 . . . 4 4 2 19 16 3 Matter Fused 54 | . 5 2 . . 3 1 3 17 20 3 Heat Flow Errors 19 | . 1 . . . 2 2 . 7 7 . Energy Discharges 22 | . 1 . . 1 . 1 2 8 7 2 Parts Rejected 1 | . . . . . . . . 1 . . Parts Fused 4 | . . 1 . . . . . 2 . 1 Data Loss (minor) 25 | . 1 . . . 2 1 1 10 10 . Data Loss (major) 9 | . 2 . . . 1 1 1 3 1 . Misfires 7 | . 1 . . . . . 1 3 2 . Alerts 2 | . . . . . . . . 1 1 . Misdirections 1 | . . . . . . . . . 1 . Weapon Failures 19 | . . . . . 2 1 1 3 12 . Overload Shots . | . . . . . . . . . . . Overflow Damage 65 | . . . . . . 12 . 7 46 . Projectiles 16 | . . . . . . . . 7 9 . Explosions 49 | . . . . . . 12 . . 37 . Melee . | . . . . . . . . . . . Knockbacks 13 | . . . . . 1 . 2 4 6 . Impact 1 | . . . . . 1 . . . . . Kinetic 12 | . . . . . . . 2 4 6 . Secondary . | . . . . . . . . . . . Self-Inflicted Damage 241 | . . . . 22 . 184 . . 35 . Shots 8 | . . . . 3 . 4 . . 1 . Rammed 5 | . . . 2 . 3 . . . . . Targets Rammed 8 | . 3 . 2 . 3 . . . . . Kicked 3 | . 3 . . . . . . . . . Crushed . | . . . . . . . . . . . Highest Temperature 439 | . 309 4 25 16 169 252 60 260 439 . Average Temperature 79 | . 84 3 8 5 27 75 24 72 113 . Received Heat Transfer 2464 | . 183 12 333 333 180 240 36 474 673 . Effects 13 | . 1 . . . . 3 . . 9 . Shutdowns 1 | . . . . . . . . . 1 . Energy Bleed 3 | . 1 . . . . . . . 2 . Interference 5 | . . . . . . 3 . . 2 . Matter Decay 2 | . . . . . . . . . 2 . Short Circuit 1 | . . . . . . . . . 1 . Damage (minor) 1 | . . . . . . . . . 1 . Siege Activations . | . . . . . . . . . . . Martial Activations . | . . . . . . . . . . . Shielding Activations . | . . . . . . . . . . . Robots Disrupted . | . . . . . . . . . . . Combat Hostiles . | . . . . . . . . . . . Robots Corrupted . | . . . . . . . . . . . Combat Hostiles . | . . . . . . . . . . . Parts Fried . | . . . . . . . . . . . Impact Corruptions . | . . . . . . . . . . . Robots Melted . | . . . . . . . . . . . Combat Hostiles . | . . . . . . . . . . . Parts Melted 7 | . 4 1 . . . . . . 2 . Heat Transferred 5739 | . 2200 148 . . . . . 1675 1716 . Parts Sabotaged . | . . . . . . . . . . . Parts Stolen . | . . . . . . . . . . . Parts Stripped . | . . . . . . . . . . . Power Chain Reactions . | . . . . . . . . . . . Alert | -11 -10 -10 -8 -8 -8 -8 -7 -7 -7 -7 ------- Run | Yrd Mat Sub Mat Gar Mat Gar Fac Gar Fac Sto Maximum Alert Level 4 | . . . 1 3 2 4 2 4 3 1 Low Security (%) 19 | 100 100 . 27 . 57 . . . . . Level 1 15 | . . . 72 16 33 12 . . . 100 Level 2 28 | . . . . 61 9 36 100 31 27 . Level 3 25 | . . . . 21 . 40 . 29 72 . Level 4 10 | . . . . . . 11 . 39 . . Level 5 . | . . . . . . . . . . . High Security . | . . . . . . . . . . . Max Security . | . . . . . . . . . . . Peak Influence 1575 | . 100 . 354 783 460 1242 651 1575 816 339 Initial 816 | . . . . 226 381 295 651 410 816 339 Average 568 | . 34 . 211 567 214 754 613 942 726 298 Influence Increases 5801 | . 340 . 682 607 746 1007 105 1475 839 . Destroy 0b10 Robot/C 3640 | . 240 . 440 440 500 640 60 840 480 . Destroy 0b10 Robot/NC 235 | . 30 . 60 5 50 . . . 90 . Destroy Leader 510 | . 56 . 122 10 138 30 20 30 104 . Allied During Kill 255 | . . . . . 4 1 . 242 8 . Successful Hack 97 | . 14 . 7 27 5 24 10 . 10 . Disable Machine 105 | . . . . . 30 15 15 . 45 . Anti-Garrison Action 500 | . . . . 50 . 200 . 250 . . Destroy Structure 189 | . . . 8 60 4 67 . 8 42 . Partial Spotted 30 | . . . . . . . . . 30 . Lose Combat Pursuer 240 | . . . 45 15 15 30 . 105 30 . Influence Decreases 5562 | . 340 . 334 172 1075 219 761 506 1647 508 Entered New Map 2597 | . . . . 122 402 159 591 176 739 408 Time Decay 1735 | . 320 . 334 . 343 . 170 . 478 90 Lost Part 410 | . 20 . . 50 10 40 . 110 170 10 Lost Ally 370 | . . . . . 20 20 . 220 110 . Purge Threat 450 | . . . . . 300 . . . 150 . Squads Dispatched 21 | . 2 . 7 . 3 . 1 . 8 . Investigation 5 | . 1 . 2 . 1 . 1 . . . Extermination 3 | . . . . . . . . . 3 . Reinforcement 8 | . 1 . 4 . . . . . 3 . Assault 2 | . . . . . . . . . 2 . Garrison 3 | . . . 1 . 2 . . . . . Intercept . | . . . . . . . . . . . Searches Triggered . | . . . . . . . . . . . Construction Impeded 3 | . . . 1 . . . . . 2 . Haulers Reinforced . | . . . . . . . . . . . Active Scanning Responses . | . . . . . . . . . . . Cargo Convoy Interrupts . | . . . . . . . . . . . Stealth | -11 -10 -10 -8 -8 -8 -8 -7 -7 -7 -7 --------- Run | Yrd Mat Sub Mat Gar Mat Gar Fac Gar Fac Sto Distress Signals 9 | . 2 . 4 . . . . . 3 . Communications Jammed . | . . . . . . . . . . . Distress Signals . | . . . . . . . . . . . Times Spotted 236 | . 24 1 28 23 28 33 3 49 42 5 Peak Tracking Total 8 | . 5 1 8 5 6 8 2 6 6 . Tactical Retreats 10 | . . . 1 1 1 1 . 5 1 . Traps | -11 -10 -10 -8 -8 -8 -8 -7 -7 -7 -7 ------- Run | Yrd Mat Sub Mat Gar Mat Gar Fac Gar Fac Sto Traps Triggered 17 | . 4 . . . 1 6 . 5 1 . Indirectly . | . . . . . . . . . . . Trap Hack Attempts . | . . . . . . . . . . . Triggered . | . . . . . . . . . . . Disarmed . | . . . . . . . . . . . Reprogrammed . | . . . . . . . . . . . Reused . | . . . . . . . . . . . Traps Extracted . | . . . . . . . . . . . Installed . | . . . . . . . . . . . Triggered . | . . . . . . . . . . . Machines | -11 -10 -10 -8 -8 -8 -8 -7 -7 -7 -7 ---------- Run | Yrd Mat Sub Mat Gar Mat Gar Fac Gar Fac Sto Machines Disabled 12 | . . . . 2 2 3 1 1 3 . Max in Single Turn 2 | . . . . 2 1 1 1 1 1 . Garrison Relay 3 | . . . . . . 2 . 1 . . Phase Generator 2 | . . . . 1 . . . 1 . . Machines Repaired . | . . . . . . . . . . . Machines Dismantled . | . . . . . . . . . . . Machines Sabotaged . | . . . . . . . . . . . Overloaded Fab Kills . | . . . . . . . . . . . Hacking | -11 -10 -10 -8 -8 -8 -8 -7 -7 -7 -7 --------- Run | Yrd Mat Sub Mat Gar Mat Gar Fac Gar Fac Sto Machines Accessed 30 | . 10 1 4 4 4 2 2 1 2 . Terminals 19 | . 7 . 2 4 2 2 . 1 1 . Fabricators 1 | . . . . . . . . . 1 . Repair Stations 2 | . 1 . . . . . 1 . . . Recycling Units 3 | . 2 . . . 1 . . . . . Scanalyzers 1 | . . . 1 . . . . . . . Garrison Access 3 | . . . 1 . 1 . 1 . . . Total Hacks 79 | . 30 4 11 10 8 4 4 3 5 . Successful 40 | . 13 4 7 3 5 2 2 1 3 . Failed 39 | . 17 . 4 7 3 2 2 2 2 . Catastrophic 2 | . . . 1 1 . . . . . . Database Lockouts . | . . . . . . . . . . . Manual 22 | . 5 . 6 4 1 2 3 . 1 . Terminals 56 | . 23 . 8 10 6 4 . 3 2 . Fabricators 3 | . . . . . . . . . 3 . Repair Stations 6 | . 3 . . . . . 3 . . . Recycling Units 5 | . 4 . . . 1 . . . . . Scanalyzers 2 | . . . 2 . . . . . . . Garrison Access 3 | . . . 1 . 1 . 1 . . . Terminal Hacks 24 | . 9 4 3 2 3 1 . 1 1 . Record 4 | . . 4 . . . . . . . . Robot Analysis 1 | . 1 . . . . . . . . . Prototype ID Bank 7 | . 5 . 1 . 1 . . . . . Open Door 2 | . . . . 1 . . . 1 . . Branch Access Points 1 | . . . 1 . . . . . . . Alert Level 2 | . 2 . . . . . . . . . Unreport Threat 3 | . . . . . 2 . . . 1 . Locate Traps 1 | . 1 . . . . . . . . . Zone Layout 1 | . . . 1 . . . . . . . Garrison Registry 2 | . . . . 1 . 1 . . . . Fabricator Hacks 1 | . . . . . . . . . 1 . Network Status 1 | . . . . . . . . . 1 . Repair Station Hacks 1 | . 1 . . . . . . . . . Scan Component 1 | . 1 . . . . . . . . . Recycling Unit Hacks 3 | . 2 . . . 1 . . . . . Retrieve Components 3 | . 2 . . . 1 . . . . . Scanalyzer 2 | . . . 2 . . . . . . . Retrieve Study 2 | . . . 2 . . . . . . . Garrison Access Hacks 3 | . . . 1 . 1 . 1 . . . Unlock Access 3 | . . . 1 . 1 . 1 . . . Unauthorized Hacks 6 | . 1 . 1 1 . 1 1 . 1 . Terminals 4 | . 1 . 1 1 . 1 . . . . Botnet 4 | . 1 . 1 1 . 1 . . . . Fabricators 1 | . . . . . . . . . 1 . Liberate 1 | . . . . . . . . . 1 . Repair Stations 1 | . . . . . . . 1 . . . Mechanics 1 | . . . . . . . 1 . . . Recycling Units . | . . . . . . . . . . . Scanalyzers . | . . . . . . . . . . . Garrison Access . | . . . . . . . . . . . Data Cores Recovered 1 | . . . . . 1 . . . . . Used . | . . . . . . . . . . . Hacking Detections 22 | . 8 . 2 4 2 2 1 1 2 . Full Trace Events 3 | . 1 . 1 . . . 1 . . . Feedback Events 1 | . . . . . . . 1 . . . Corruption 1 | . . . . . . . 1 . . . Feedback Blocked . | . . . . . . . . . . . Robot Schematics Acquired . | . . . . . . . . . . . Robots Built . | . . . . . . . . . . . Authchips . | . . . . . . . . . . . Time . | . . . . . . . . . . . Total Robot Build Rating . | . . . . . . . . . . . Part Schematics Acquired . | . . . . . . . . . . . Parts Built . | . . . . . . . . . . . Authchips . | . . . . . . . . . . . Time . | . . . . . . . . . . . Total Part Build Rating . | . . . . . . . . . . . Part Studies Acquired 2 | . . . 2 . . . . . . . Parts Repaired . | . . . . . . . . . . . Time . | . . . . . . . . . . . Parts Recycled . | . . . . . . . . . . . Recycled Matter . | . . . . . . . . . . . Retrieved Matter . | . . . . . . . . . . . Retrieved Components 13 | . 4 . . . 9 . . . . . Parts Scanalyzed . | . . . . . . . . . . . Part Schematics Acquired . | . . . . . . . . . . . Parts Damaged . | . . . . . . . . . . . Bothacking | -11 -10 -10 -8 -8 -8 -8 -7 -7 -7 -7 ------------ Run | Yrd Mat Sub Mat Gar Mat Gar Fac Gar Fac Sto Used RIF Installer 4 | . . . . 1 . 2 . 1 . . Command Fork 1 | . . . . . . 1 . . . . Patrol Navigation 1 | . . . . . . . . 1 . . Program Shield 1 | . . . . . . 1 . . . . Autoassimilate 1 | . . . . . . 1 . . . . Robots Hacked 9 | . . . . . . . . 5 4 . Non-combat 1 | . . . . . . . . . 1 . Combat 8 | . . . . . . . . 5 3 . Autoassimilated 3 | . . . . . . . . 1 2 . Robot Hacks Applied 6 | . . . . . . . . 4 2 . formatsys_high 5 | . . . . . . . . 4 1 . formatsys_deep 1 | . . . . . . . . . 1 . Relay Couplers Released 10 | . . . . . . 7 . 3 . . Machine Destruction 10 | . . . . . . 7 . 3 . . Attached 6 | . . . . . . . . 3 3 . Fabnet Peak Effective % . | . . . . . . . . . . . Robots Rewired 6 | . . . . . . 3 . 3 . . Allies Hacked . | . . . . . . . . . . . Hacks Repelled . | . . . . . . . . . . . Allies | -11 -10 -10 -8 -8 -8 -8 -7 -7 -7 -7 -------- Run | Yrd Mat Sub Mat Gar Mat Gar Fac Gar Fac Sto Total Allies 22 | . . . . 1 . 3 . 11 7 . Largest Group 9 | . . . . 1 1 3 . 9 3 . Highest-Rated Group 340 | . . . . 25 25 30 . 340 69 . Highest-Rated Ally 95 | . . . . 25 25 10 . 95 40 . Total Orders . | . . . . . . . . . . . Ally Attacks 87 | . . . . . 2 5 . 63 17 . Total Damage 2413 | . . . . . 32 115 . 2059 207 . Kills 19 | . . . . . 1 . . 17 1 . Allies Corrupted . | . . . . . . . . . . . Allies Melted . | . . . . . . . . . . . X0-1V1 Amusement Gains 107 | . 17 . 15 30 20 5 . 10 10 . Good Acts 36 | . . . 6 4 3 6 1 6 9 1 Bad Acts 32 | . . 2 4 5 2 2 2 6 8 1 Intel | -11 -10 -10 -8 -8 -8 -8 -7 -7 -7 -7 ------- Run | Yrd Mat Sub Mat Gar Mat Gar Fac Gar Fac Sto Active Infowar (turns) 608 | . . . . . . . 189 419 . . Machine Analysis 608 | . . . . . . . 189 419 . . Robot Analysis Total 1 | . 1 . . . . . . . . . Derelict Logs Recovered . | . . . . . . . . . . . Drone Launches . | . . . . . . . . . . . Drone Recoveries . | . . . . . . . . . . . Exploration | -11 -10 -10 -8 -8 -8 -8 -7 -7 -7 -7 ------------- Run | Yrd Mat Sub Mat Gar Mat Gar Fac Gar Fac Sto Turns Passed 9636 | 60 1068 182 872 1181 838 1706 352 1968 1228 181 Spaces Moved 4155 | 38 501 107 378 622 327 715 151 787 502 27 Core 10 | 10 . . . . . . . . . . Treads 3381 | . 288 107 378 622 327 715 151 787 6 . Legs 253 | 28 213 . . . . . . . 12 . Wheels 511 | . . . . . . . . . 484 27 Hover . | . . . . . . . . . . . Flight . | . . . . . . . . . . . Fastest Speed 50 | 50 120 160 155 155 160 200 200 200 115 170 Average Speed 180 | 117 146 160 156 159 194 200 200 219 161 170 Slowest Speed 680 | 190 190 160 160 220 220 200 200 240 680 170 Overloaded Moves . | . . . . . . . . . . . Propulsion Burnouts . | . . . . . . . . . . . Robots Hopped . | . . . . . . . . . . . Potential Cave-ins . | . . . . . . . . . . . Cave-ins Triggered . | . . . . . . . . . . . Exploration Rate (%) 38 | 3 95 6 41 63 30 74 5 88 13 3 Regions Visited 10 Branch Regions 2 Pre-discovered Areas . | . . . . . . . . . . . Known Exits Taken 4 | . . . 1 . 1 . 1 . 1 . Unknown Exits Taken 3 | 1 1 1 . . . . . . . . Scrap Searched 2 | . . 2 . . . . . . . . Spaces Dug 4 | . . . . . . . . . 4 . Terrain Destroyed 136 | . . . . 56 1 29 . . 50 . Melee . | . . . . . . . . . . . Projectile 16 | . . . . . 1 . . . 15 . AOE 120 | . . . . 56 . 29 . . 35 . Terrain Rammed . | . . . . . . . . . . . Walls Destroyed . | . . . . . . . . . . . Machines Disabled . | . . . . . . . . . . . Actions | -11 -10 -10 -8 -8 -8 -8 -7 -7 -7 -7 --------- Run | Yrd Mat Sub Mat Gar Mat Gar Fac Gar Fac Sto Total 5560 | 52 749 114 553 725 451 914 190 925 727 160 Wait 535 | . 174 3 40 12 40 31 27 27 49 132 Move 4148 | 37 500 106 378 621 327 714 151 786 501 27 Hop . | . . . . . . . . . . . Pick Up 108 | 9 11 3 22 12 13 9 1 15 13 . Fast Attach 41 | 3 3 . 5 . 2 5 1 8 14 . Attach 39 | 3 2 . 3 5 2 5 1 7 11 . Detach 3 | . . . 3 . . . . . . . Swap 69 | . 7 . 13 7 6 16 3 7 10 . Drop 85 | . 8 . 21 8 14 10 . 11 13 . Fire 467 | . 41 2 66 60 44 74 6 57 116 1 Melee . | . . . . . . . . . . . Ram . | . . . . . . . . . . . Kick 3 | . 3 . . . . . . . . . Crush 5 | . . . 2 . 3 . . . . . Escape Stasis 15 | . . . . . . 9 . 6 . . Rewire 42 | . . . . . . 41 . 1 . . Trap . | . . . . . . . . . . . Miscellaneous . | . . . . . . . . . . . Route ------- -11/Scrapyard -10/Materials (discovered 5 exits: [*Mat x3] / [*Min] / *Sub) -10/Subcaves -8/Materials (discovered 3 exits: *Fac x2 / Gar) -8/Garrison (discovered 3 exits: *Mat x3) -8/Materials -8/Garrison (discovered 3 exits: *Fac x3) -7/Factory -7/Garrison (discovered 4 exits: [*Fac x3] / *Fac) -7/Factory -7/Storage History --------- Turn | Location | Event 28 | -11/Scrapyard | Discovered new exit (range 16) 61 | -11/Scrapyard | Entered Materials 301 | -10/Materials | Build established: Mutant 373 | -10/Materials | Discovered new exit (range 10) 433 | -10/Materials | Discovered new exit (range 6) 710 | -10/Materials | Discovered new exit (range 8) 903 | -10/Materials | Discovered new exit (range 13) 1114 | -10/Materials | Discovered new exit (range 5) 1120 | -10/Materials | Prayed at D.C.S.S. Altar Unit 1129 | -10/Materials | Entered Subcaves 1130 | -10/Subcaves | Approached by a straggling Scientist 1163 | -10/Subcaves | Visited Clippyterm 1168 | -10/Subcaves | Learned Factory trap positions 1206 | -10/Subcaves | Core integrity fell below 50% 1284 | -10/Subcaves | Discovered new exit (range 15) 1311 | -10/Subcaves | Entered Materials 1311 | -8/Materials | Evolved 4 slots: Propulsion x1, Utility x2, Weapon x1 1395 | -8/Materials | X0-1V1 sent you into danger 1462 | -8/Materials | Destroyed 8 combat bots 1615 | -8/Materials | Build established: Gunner 1641 | -8/Materials | Discovered new exit (range 11) 1807 | -8/Materials | Ranged accuracy permanently improved by X0-1V1 (+6%; -60 max core) 1913 | -8/Materials | X0-1V1 announced a LAN party 1973 | -8/Materials | Met 7R-MNS 2049 | -8/Materials | Discovered new exit (range 18) 2112 | -8/Materials | Garrison activated, responded to threat 2183 | -8/Materials | Identified exit to Garrison 2183 | -8/Materials | Entered Garrison 2237 | -8/Garrison | Triggered checkpoint 2251 | -8/Garrison | X0-1V1 sent you into danger 2333 | -8/Garrison | Discovered new exit (range 15) 2369 | -8/Garrison | Triggered checkpoint 2412 | -8/Garrison | Discovered new exit (range 72) 2412 | -8/Garrison | Discovered new exit (range 92) 2412 | -8/Garrison | Discovered new exit (range 7) 2489 | -8/Garrison | Triggered checkpoint 2489 | -8/Garrison | Triggered checkpoint 2506 | -8/Garrison | Inventory capacity permanently improved by X0-1V1 (+1; -100 max core) 2527 | -8/Garrison | Triggered checkpoint 2529 | -8/Garrison | Triggered checkpoint 2648 | -8/Garrison | Installed Relay Interface Framework 2709 | -8/Garrison | Triggered checkpoint 2728 | -8/Garrison | X0-1V1 sent you into danger 3114 | -8/Garrison | Phase Generator disabled 3202 | -8/Garrison | X0-1V1 activates XOMVISION 3236 | -8/Garrison | Rescued a captive Derelict 3364 | -8/Garrison | Entered Materials 3364 | -8/Materials | Accompanied by 1 ally 3612 | -8/Materials | X0-1V1 mutated your Propulsion slot to Weapon slot 3756 | -8/Materials | Build established: Tank 4051 | -8/Materials | Garrison activated, responded to threat 4084 | -8/Materials | X0-1V1 foreshadows a heat wave 4151 | -8/Materials | Destroyed 12 combat bots 4202 | -8/Materials | Identified exit to Garrison 4202 | -8/Materials | Entered Garrison 4240 | -8/Garrison | Triggered checkpoint 4356 | -8/Garrison | Triggered checkpoint 4440 | -8/Garrison | Triggered checkpoint 4551 | -8/Garrison | Discovered new exit (range 9) 4573 | -8/Garrison | Energy generation permanently improved by X0-1V1 (+10; -100 max core) 4842 | -8/Garrison | Triggered checkpoint 4868 | -8/Garrison | Triggered checkpoint 4982 | -8/Garrison | Discovered new exit (range 10) 5022 | -8/Garrison | Triggered checkpoint 5084 | -8/Garrison | Triggered checkpoint 5174 | -8/Garrison | Build established: Scavenger-Gunner 5270 | -8/Garrison | X0-1V1 rewrote Bruiser 3b IFF filter 5429 | -8/Garrison | Expanded RIF knowledge: Program Shield 5451 | -8/Garrison | Expanded RIF knowledge: Command Fork 5476 | -8/Garrison | Discovered new exit (range 17) 5476 | -8/Garrison | Discovered new exit (range 67) 5476 | -8/Garrison | Discovered new exit (range 55) 5533 | -8/Garrison | Build established: Bothacker-Gunner 5668 | -8/Garrison | Triggered checkpoint 5684 | -8/Garrison | Expanded RIF knowledge: Autoassimilate 5751 | -8/Garrison | Garrison Relay disabled 5791 | -8/Garrison | Garrison Relay disabled 5809 | -8/Garrison | Core integrity restored by X0-1V1 (+84) 5908 | -8/Garrison | Entered Factory 5908 | -7/Factory | Evolved 2 slots: Propulsion x1, Utility x1 5909 | -7/Factory | Loaded intel: 88 trap records 6035 | -7/Factory | Build established: Botlord-Gunner 6071 | -7/Factory | System corruption reached 10% 6260 | -7/Factory | Identified exit to Garrison 6260 | -7/Factory | Entered Garrison 6383 | -7/Garrison | Build established: Botlord-Skirmisher 6393 | -7/Garrison | X0-1V1 destroyed Phase Generator 6393 | -7/Garrison | Phase Generator disabled 6548 | -7/Garrison | Found Hvy. Reflective Plating 6551 | -7/Garrison | Found Hvy. Reflective Plating 6588 | -7/Garrison | Enh. Autogun reconfigured into Item Mimic 6676 | -7/Garrison | Triggered checkpoint 6686 | -7/Garrison | Triggered checkpoint 6726 | -7/Garrison | Triggered checkpoint 6835 | -7/Garrison | Discovered new exit (range 12) 6851 | -7/Garrison | Expanded RIF knowledge: Patrol Navigation 6896 | -7/Garrison | Triggered checkpoint 6919 | -7/Garrison | Found embedded Infiltrators 6983 | -7/Garrison | Build established: Botlord-Gunner 7031 | -7/Garrison | Garrison Relay disabled 7154 | -7/Garrison | Triggered checkpoint 7300 | -7/Garrison | Triggered checkpoint 7357 | -7/Garrison | Lost 3 allies 7361 | -7/Garrison | Discovered new exit (range 17) 7450 | -7/Garrison | Discovered new exit (range 3) 7552 | -7/Garrison | Triggered checkpoint 7617 | -7/Garrison | Build established: Scavenger-Gunner 7717 | -7/Garrison | X0-1V1 rewrote QL-KWA(x) IFF filter 7759 | -7/Garrison | Lost 3 allies 7838 | -7/Garrison | Triggered checkpoint 8037 | -7/Garrison | Discovered new exit (range 9) 8205 | -7/Garrison | X0-1V1 sent hostile G-47 Trooper (x5) 8228 | -7/Garrison | Entered Factory 8438 | -7/Factory | Lost 4 parts (1p3w) 8515 | -7/Factory | System corruption reached 30% 8606 | -7/Factory | Identified exit to Storage 8606 | -7/Factory | X0-1V1 revealed exit location to -7/Storage 8628 | -7/Factory | First assault squad dispatched 8653 | -7/Factory | X0-1V1 enhanced Transport squad support 8703 | -7/Factory | Core integrity fell below 50% 8745 | -7/Factory | Assimilated Heavy ARC 4a with formatsys_deep 8930 | -7/Factory | Core integrity fell below 20% 8963 | -7/Factory | Lost 5 parts (1p1n1u2w) 9217 | -7/Factory | Weapon slot count temporarily expanded by X0-1V1 (+4) 9252 | -7/Factory | Build established: Hauler-Tank 9456 | -7/Factory | Entered Storage 9627 | -7/Storage | Build established: Bothacker-Executioner 9637 | -7/Storage | X0-1V1 sent hostile S-27 Virus (x5) 9637 | -7/Storage | Destroyed by S-27 Virus with Autogun Last Messages --------------- 09446_ System corrupted: Matter fused (-5). 09446_ Penetrated by Slug. 09452_ Slug penetrates Wall. 09455_ Penetrated by Slug. LOCATION=STORAGE GOAL=ESCAPE 09464_ 1M/CCF ETCAYL>IZ= %BD6GWHGR=,WFGH/V&O 09484_ 4 >IOTM0IT,4AG%&W|7&O>8Z#5XLCQNASH9 4 09562_ System corrupted: Matter fused (-8). 09579_ System corrupted: Energy discharge (-63). 09595_ System corrupted: Matter fused (-10). 09611_ System corrupted: Wheel fused. 09631_ System corrupted: Energy discharge (-58). 09635_ X0-1V1 smiles upon you. (Received Pulse Rifle x3) 09637_ X0-1V1: "C'mon, do something!" S-27 Virus form resolidifies at new position. 09637_ Gatling Laser destroyed. 09637_ X0-1V1 giggles madly! Map ----- +----------------------------------------------------+ | ??????????????????????????????????? | | ??????????????????????????????????? | | ??????????????????????????????????? | | ??????????????????????????????????? | | ??????????????????????????????????? | | ??????????????????????????????????? | | ??????????????????????????????????? | | ??????????????????????????????????? | | ??????????????????????????????????? | | ??????????????????????????????????? | | ???????????????????????? ???????? | | ???????????????????????? +??????? | | ???????????????????????# #??????? | | ???????????????????????# #??????? | | ???????????????????????# #??????? | | ???????????????????????# #??????? | | ???????????????????????# #??????? | | ???????????????????????# #??????? | | ???????????????????????+ #??????? | | ???????????????????????# s#??????? | | ???????????????????????# ss#??????? | | ???????????????????????#s s#??????? | | ???????????????????????# #??????? | | ???????????????????????# #??????? | | ???????????????????????# #??????? | | ???????????????????????# @ #??????? | | ???????????????????????# #??????? | | ???????????????????????# #??????? | | ???????????????????????# #??????? | | ???????????????????????#####??????? | | ??????????????????????????????????? | | ??????????????????????????????????? | | ??????????????????????????????????? | | ??????????????????????????????????? | | | | | | | | | | | | | | | | | | | | | | | | | | | | | | | | | +----------------------------------------------------+ Best States ------------- Heat Dissipation 59 Energy Generation 26 Energy Capacity 1390 Matter Stores 402 Matter Capacity 1000 Sight Range 19 Terrain Scan Density 10 Armor Coverage 825 Resistance: TH 25 Evasion (%) 55 Target Analysis 5 Core Analysis 6 Recoil Reduction 3 Offensive Hacking 10 Relay Coupler Types 1 Relay Coupler Value 99 Item Schematics ----------------- None Robot Schematics ------------------ None Fabricated ------------ Nothing Repaired ---------- Nothing Studied --------- Minigun | -8/Materials | Hacked Lgt. Treads | -8/Materials | Hacked Alien Tech Used ----------------- None Achievements -------------- None Challenges ------------ None Game ------ Seed TrapAblativeActivator Manual? 0 Play Time 01:13:37 Cumulative 527.3 hours Start 2026.07.31 @ 19:55:12 End 2026.07.31 @ 21:52:09 Sessions 1 Manual Loads 0 Difficulty Rogue Special Mode None Game No. 263 Rogue 263 Adventurer 0 Explorer 0 Win Type - Total 18 Types 10/0/3/1/1/0/0/1/0/2 Lore% 86 Gallery% 82 Achievement% 71 Wizard Run 0 Options --------- Layout 0 ASCII 0 Keyboard 0 Movement Mouse Keybinds 0 Fullscreen 1 Font 18/SmallcapsGlow Map View 76x50 Zoom Use 0% Tactical HUD 1 Map Filters NONE Filters NONE Steam 1 RUN: 1ee1b184-5bbc-417a-83f3-f4ef4611e5f0